 Dungeon Crawl Stone Soup version 0.26-a0-649-gf8c6c3aab7 (webtiles) character file.

Game seed: 9166285847994890307

93 mg7810 the Covered (level 4, 0/40 HPs)
             Began as a Minotaur Fighter on Sept 26, 2020.
             Was an Initiate of Qazlal.
             Slain by an adder (3 damage)
             ... on level 4 of the Dungeon.
             The game lasted 00:06:27 (1955 turns).

mg7810 the Covered (Minotaur Fighter)               Turns: 1955, Time: 00:06:29

Health: 0/40       AC:  7    Str: 21    XL:     4   Next: 36%
Magic:  3/3        EV:  8    Int:  5    God:    Qazlal [......]
Gold:   138        SH:  9    Dex: 10    Spells: 3/3 levels left

rFire    . . .     SeeInvis .   a - +0 war axe
rCold    . . .     Faith    .   c - +0 kite shield
rNeg     . . .     Spirit   .   b - +0 scale mail
rPois    .         Reflect  .   (helmet restricted)
rElec    .         Harm     .   v - scarf {repulsion}
rCorr    .         Rampage  .   (no gloves)
MR       .....                  (no boots)
Stlth    ..........             u - amulet of the acrobat
HPRegen  0.13/turn              m - ring of flight
MPRegen  0.08/turn              (no ring)

@: repel missiles
A: retaliatory headbutt, horns 2
a: Renounce Religion, Evoke Flight


You were on level 4 of the Dungeon.
You worshipped Qazlal.
Qazlal was noncommittal.
You visited 1 branch of the dungeon, and saw 4 of its levels.

You collected 138 gold pieces.

Inventory:

Hand Weapons
 a - a +0 war axe (weapon)
 f - a cursed +0 flail
Missiles
 e - 4 curare-tipped darts
 h - 7 boomerangs (quivered)
 z - 8 poisoned darts
Armour
 b - a +0 scale mail (worn)
 c - a +0 kite shield (worn)
 v - a scarf of repulsion (worn)
Jewellery
 m - a ring of flight (left hand)
 u - an amulet of the acrobat (around neck)
Scrolls
 l - 3 scrolls of fog {unknown}
 n - a scroll of enchant armour {unknown}
 o - 3 scrolls of enchant weapon {unknown}
 p - a scroll of fear {unknown}
 q - 2 scrolls of blinking {unknown}
 r - 2 scrolls of remove curse {unknown}
 s - a scroll of noise {unknown}
 w - a scroll of random uselessness {unknown}
 x - a scroll of immolation {unknown}
Potions
 d - a potion of might
 g - 2 potions of haste
 i - 5 potions of brilliance
 j - a potion of resistance {unknown}
 t - a potion of lignification {unknown}


   Skills:
 + Level 3.9 Fighting
 + Level 3.2 Axes
 * Level 1.0 Throwing
 + Level 4.1 Armour
 * Level 1.3 Dodging
 + Level 3.9 Shields
 * Level 1.3 Unarmed Combat
 * Level 0.8 Invocations
 * Level 0.4 Evocations


You had 3 spell levels left.
You didn't know any spells.
Your spell library was empty.

Dungeon Overview and Level Annotations

Branches:
Dungeon (4/15)
 Temple: D:4-7

Altars:
Kikubaaqudgha
Qazlal
Ru


Innate Abilities, Weirdness & Mutations

You reflexively headbutt those who attack you in melee.
You have a pair of horns on your head.


Message History

You feel less confused.
The orc priest mumbles some strange prayers to Beogh against you.
Beogh smites you!
* * * LOW HITPOINT WARNING * * *
You block the adder's attack.
The centaur shoots an arrow.
The arrow hits you but does no damage.
You hear some strange, mumbled words.
Something tries to affect you, but you resist.
The adder completely misses you.
The centaur shoots an arrow.
The arrow closely misses you.
You feel much better. Something hits you but does no damage.
You block the adder's attack.
The centaur shoots an arrow.
The arrow closely misses you.
You miss something. You slash the adder!
The centaur shoots an arrow.
The arrow hits you! The adder bites you.
The orc priest mumbles some strange prayers to Beogh against you.
Beogh smites you!
* * * LOW HITPOINT WARNING * * *
The adder bites you.
You die...

#...............
##...............
#................###
#.........
........### .
#.......$
........#.. ...c.o#
#......... #.(S#
###........ #.†@#
####..........
#...###.............
#†..............#...
#....)..?.......# ..
#...(†...........# .
#................#
#..................
#...................
#...................


You could see a centaur, an orc priest and an adder.

Vanquished Creatures
  3 adders
  An ooze (D:2)
  A worm (D:2)
  3 dart slugs (D:1)
  4 leopard geckos
  2 orcs (D:4)
  A ball python (D:2)
  3 giant cockroaches (D:1)
  4 hobgoblins
  4 jackals (D:3)
  4 kobolds
  6 bats
  5 frilled lizards
  2 goblins
  6 rats
49 creatures vanquished.

Notes
Turn   | Place    | Note
-------+----------+-------------------------------------------
     0 | D:1      | mg7810 the Minotaur Fighter began the quest for the Orb.
     0 | D:1      | Reached XP level 1. HP: 19/19 MP: 0/0
   221 | D:1      | Reached XP level 2. HP: 25/27 MP: 1/1
   776 | D:2      | Reached XP level 3. HP: 31/33 MP: 2/2
   927 | D:2      | Found a stormy altar of Qazlal.
   935 | D:2      | Became a worshipper of Qazlal Stormbringer
   957 | D:2      | Reached skill level 1 in Dodging
  1014 | D:2      | Reached skill level 1 in Unarmed Combat
  1055 | D:2      | Reached skill level 4 in Armour
  1443 | D:3      | Reached XP level 4. HP: 36/40 MP: 3/3
  1501 | D:3      | Found a sacrificial altar of Ru.
  1582 | D:3      | Found an ancient bone altar of Kikubaaqudgha.
  1582 | D:3      | Noticed a human
  1894 | D:3      | Found a faded altar of an unknown god.
  1935 | D:4      | Reached skill level 1 in Throwing
  1944 | D:4      | Noticed a centaur
  1955 | D:4      | Slain by an adder

Illustrated notes

Levels and vault maps discovered:
D:1:      scummos_arrival_forest, layout_loops_ring, st_stairs_4
D:2:      layout_loops_ring, lemuel_round_altar
D:3:      layout_loops_ring, nicolae_ru_awakened_eye,
          chequers_ecumenical_altar_lobes, tgw_kikubaaqudgha
D:4:      layout_cave_pods, nicolae_overflow_crystal_walls, serial_shops, shop,
          uniq_eustachio

Skill      XL: |  1  2  3  4 |
---------------+-------------+-----
Dodging        | 1 |  1.3
Unarmed Combat | 1 |  1.3
Armour         | 4 |  4.1
Axes           | 3 |  3.2
Throwing       | 1 |  1.0
Fighting       | |  3.9
Shields        | |  3.9
Invocations    | |  0.8
Evocations     | |  0.4

Action                   |  1- 3 |  4- 6 || total
-------------------------+-------+-------++-------
Melee: War axe           |    82 |    26 ||   108
       Headbutt          |     7 |     3 ||    10
  Use: Scroll            |     3 |     1 ||     4
       Potion            |       |     2 ||     2
Armor: Scale mail        |    33 |    12 ||    45
Dodge: Dodged            |    27 |    16 ||    43
Block: Kite shield       |    35 |    22 ||    57

Table legend: (Time is in decaauts)
 A = Elapsed time spent in this place.
 B = Non-inter-level travel time spent in this place.
 C = Inter-level travel time spent in this place.
 D = Time resting spent in this place.
 E = Time spent auto-exploring this place.
 F = Levels seen in this place.
 G = Mean time per level.
                   A        B        C        D        E       F      G
               +--------+--------+--------+--------+--------+-----+--------+
         Total |   2002 |   2002 |      0 |      0 |   1546 |   4 |  500.5 |
       Dungeon |   2002 |   2002 |      0 |      0 |   1546 |   4 |  500.5 |
               +--------+--------+--------+--------+--------+-----+--------+

Top non-repeatable levels by time:
     D:1: 660 daAuts
     D:2: 659 daAuts
     D:3: 650 daAuts
     D:4: 32 daAuts
